 Dungeon Crawl Stone Soup version 0.31-a0-960-g0fca184906 (webtiles) character file.

Game seed: 15423834486328956639

8857 qipq the Nimble (level 11, -5/48 HPs)
             Began as a Felid Necromancer on Oct 23, 2023.
             Was a Believer of Vehumet.
             Slain by an eight-headed hydra (10 damage)
             ... on level 13 of the Dungeon.
             The game lasted 00:13:15 (12006 turns).

qipq the Nimble (Felid Necromancer)                Turns: 12006, Time: 00:13:15

Health: -5/48      AC:  6    Str:  2    XL:     11   Next: 15%
Magic:  25/25      EV: 30    Int: 20    God:    Vehumet [**....]
Gold:   365        SH:  0    Dex: 18    Spells: 4/28 levels left
                                        Lives:  0   Deaths: 3

rFire   . .          .
                       - Unarmed
rCold   . . .        (shield unavailable)
rNeg    . . .        (body armour unavailable)
rPois   .            (helmet unavailable)
rElec   .            (cloak unavailable)
rCorr   .            (gloves unavailable)
SInv    +            (boots unavailable)
Will    +....        s - amulet of faith
Stlth   ++           B - +5 ring of evasion
HPRegen 0.28/turn    y - +4 ring of protection
MPRegen 0.19/turn

%: faith
@: beast-form, quick
A: beast (slay +0), very small, claws 1, fangs 3, see invisible, speed 1, shaggy
fur 2, stealthy paws, no weapons or thrown items, no armour, multi-lived, weak 1
a: Begin Untransformation, Renounce Religion


You were on level 13 of the Dungeon.
You worshipped Vehumet.
Vehumet was pleased with you.
You were a hulking beast.
You visited 1 branch of the dungeon, and saw 13 of its levels.

You collected 536 gold pieces.
You spent 171 gold pieces at shops.

Inventory:

Jewellery
 g - a +4 ring of slaying
 q - an amulet of magic regeneration
 r - the amulet of Duomaw {Acrobat Stlth+}
   (You found it on level 4 of the Dungeon)

   [amulet of the acrobat]

   Acrobat:   It increases your evasion while moving and waiting.
   Stlth+:    It makes you more stealthy.
 s - an amulet of faith (around neck)
 t - an amulet of regeneration
 y - a +4 ring of protection (right paw)
 B - a +5 ring of evasion (left paw)
 D - a ring of protection from fire
 H - a +5 ring of evasion
 J - a +6 ring of dexterity
Talismans
 l - a beast talisman (active)
Wands
 j - a wand of polymorph (7)
 w - a wand of roots (1)
 A - a wand of charming (5)
 M - a wand of flame (9)
Scrolls
 c - 2 scrolls of enchant armour {unknown}
 e - 13 scrolls of identify {@r1}
 f - 2 scrolls of revelation {unknown}
 h - 2 scrolls of vulnerability {unknown}
 i - 3 scrolls of fog {unknown}
 m - 4 scrolls of amnesia {unknown}
 n - 2 scrolls of immolation {unknown}
 o - 5 scrolls of teleportation {unknown}
 p - a scroll of blinking {unknown}
 x - 2 scrolls of enchant weapon {unknown}
 C - a scroll of silence {unknown}
 E - a scroll of poison
 I - a scroll of torment {unknown}
 K - a scroll of brand weapon {unknown}
Potions
 a - 3 potions of enlightenment
 b - a potion of haste
 k - 3 potions of ambrosia
 u - a potion of lignification {unknown}
 v - 3 potions of berserk rage {unknown}
 z - a potion of magic
 F - a potion of might {unknown}
 G - 3 potions of resistance {unknown}
 L - a potion of degeneration {unknown}
Miscellaneous
 d - a lightning rod (2/4)


   Skills:
 + Level 5.4 Fighting
 * Level 10.7 Dodging
 - Level 2.6 Stealth
 + Level 5.4 Unarmed Combat
 + Level 9.0 Spellcasting
 - Level 10.3 Necromancy


You had 4 spell levels left.
You knew the following spells:

 Your Spells              Type           Power      Damage    Failure   Level
a - Necrotise             Necr           100%       1d9       1%          1
b - Vampiric Draining     Necr           50%        2d9       1%          3
c - Blink                 Tloc           18%        N/A       12%         2
d - Animate Dead          Necr           50%        N/A       1%          4
e - Agony                 Necr           50%        N/A       3%          5
f - Cigotuvi's Dreadful   Necr/Pois/Air  44%        N/A       2%          2
g - Haunt                 Necr/Summ      14%        N/A       100%        7

Your spell library contained the following spells:

 Spells                   Type           Power      Damage    Failure   Level
 Freeze                   Ice            36%        1d5       8%          1
 Static Discharge         Conj/Air       18%        3-4/arc   12%         2
 Dazzling Flash           Conj/Hex       18%        N/A       22%         3
 Gell's Gravitas          Tloc           9%         N/A       22%         3
 Ignite Poison            Fire/Tmut/Pois 9%         N/A       22%         3
 Teleport Other           Tloc           9%         N/A       22%         3
 Volatile Blastmotes      Fire/Tloc      18%        2d11      22%         3
 Airstrike                Air            4%         2d(1-17)  58%         4
 Manifold Assault         Tloc           9%         N/A       58%         4
 Summon Lightning Spire   Summ/Air       9%         N/A       58%         4
 Freezing Cloud           Conj/Ice/Air   4%         6-21      91%         5
 Dispersal                Tloc           4%         N/A       100%        6
 Starburst                Conj/Fire      4%         6d4       100%        6
 Ozocubu's Refrigeration  Ice            4%         4d8       100%        7
 Borgnjor's Revivificati  Necr           25%        N/A       100%        8
 Maxwell's Capacitive Co  Air            4%         ∞         100%        8
 Death's Door             Necr           25%        N/A       100%        9
 Polar Vortex             Ice            4%         N/A       100%        9


Dungeon Overview and Level Annotations

Branches:
Dungeon (13/15)
 Temple: D:4-7         Lair: D:8-11         Orc: D:9-12      Vaults: D:13-14

Altars:
Cheibriados
Fedhas
Makhleb
Okawaru
Ru
Trog
Vehumet
Wu Jian
Xom
Zin

Shops:
D:2 !   D:6 =*?   D:7 =   D:9 (   D:11 =

Annotations:
D:1 exclusion: downstairs
D:4 exclusion: downstairs
D:7 exclusion: downstairs
D:8 exclusion: downstairs
D:12 exclusion: downstairs


Innate Abilities, Weirdness & Mutations

You are a hulking beast.
Your limbs bulge with bestial killing power. (Slay +0)
You have sharp claws.
You have razor-sharp teeth.
You have supernaturally acute eyesight. (SInv)
You cover ground quickly. (Speed+)
You are covered in thick fur. (AC +2)
Your paws help you pounce on unaware monsters.
You are incapable of wielding weapons or throwing items.
You cannot wear armour.
You gain extra lives every three experience levels.
You are weak. (Str -2)


Message History

The eight-headed hydra completely misses you. x2
The eight-headed hydra closely misses you.
The eight-headed hydra completely misses you.
The eight-headed hydra misses you.
The eight-headed hydra closely misses you.
You scratch the eight-headed hydra. The eight-headed hydra bites you.
The eight-headed hydra completely misses you. x6
The eight-headed hydra barely misses you.
You claw the eight-headed hydra!
Your claw misses the eight-headed hydra.
You bite the eight-headed hydra, but do no damage.
The eight-headed hydra bites you.
The eight-headed hydra completely misses you. x2
The eight-headed hydra barely misses you.
The eight-headed hydra bites you. The eight-headed hydra misses you. x2
The eight-headed hydra bites you!
* * * LOW HITPOINT WARNING * * *
Unknown command.
You claw the eight-headed hydra!
Your claw misses the eight-headed hydra.
The eight-headed hydra misses you.
The eight-headed hydra completely misses you.
The eight-headed hydra closely misses you.
The eight-headed hydra barely misses you.
The eight-headed hydra bites you.
* * * LOW HITPOINT WARNING * * *
The eight-headed hydra closely misses you.
The eight-headed hydra bites you.
* * * LOW HITPOINT WARNING * * *
The eight-headed hydra misses you.
Unknown command.
You scratch the eight-headed hydra.
The eight-headed hydra bites you but does no damage. x2
The eight-headed hydra bites you.
* * * LOW HITPOINT WARNING * * *
The eight-headed hydra completely misses you.
The eight-headed hydra bites you but does no damage.
The eight-headed hydra completely misses you.
The eight-headed hydra bites you!
You die...

# #.# #.#.####...#.
#.#........... ... #
#...#####...... ... #.
###.# #.#..... ...
#..###.####..... ..## ...
##............# ...# ...
......#.##...#####.##..#...
...##.....h................
.....###..D.....###.# #<#
#...............###.###.#
........#...............###
...........>..Q....../....#
# .........................
...............†......###
....................).#
...........<..##


You could see an eight-headed hydra and a tengu warrior.

Vanquished Creatures
  Gastronok (D:11)
  2 hydras
  A two-headed ogre (D:10)
  A boulder beetle (D:12)
  A cyclops (D:12)
  2 trolls
  A hornet (D:8)
  2 wraiths
  A basilisk (D:12)
  A wyvern (D:7)
  3 acid dragons (D:11)
  4 orc warriors
  3 ice beasts
  3 sky beasts
  A tengu (D:7)
  8 centaurs
  A kobold brigand (D:7)
  A gnoll sergeant (D:9)
  2 bullfrogs (D:6)
  2 scorpions
  A wight (D:8)
  10 killer bees
  3 electric eels (D:8)
  A howler monkey (D:9)
  4 hounds
  A jelly (D:7)
  Ijyb (D:4)
  2 iguanas
  7 orc wizards
  3 gnolls (D:9)
  2 adders (D:4)
  2 white imps
  4 ufetubi
  5 worms
  3 dart slugs
  24 orcs
  13 endoplasms
  A giant cockroach (D:2)
  13 goblins
  4 hobgoblins
  8 jackals (D:4)
  2 quokkas
  7 ball pythons
  5 bats
  5 frilled lizards
  13 kobolds
  3 rats
188 creatures vanquished.

Vanquished Creatures (collateral kills)
  A centaur warrior (D:13)
  An orc wizard (D:7)
  An endoplasm (D:1)
3 creatures vanquished.

Grand Total: 191 creatures vanquished

Notes
Turn   | Place    | Note
-------+----------+-------------------------------------------
     0 | D:1      | qipq the Felid Necromancer began the quest for the Orb.
     0 | D:1      | Reached XP level 1. HP: 7/7 MP: 4/4
   492 | D:1      | You fall into a shaft and drop 1 floor!
   492 | D:2      | Identified the "Maerink"
   537 | D:2      | Reached XP level 2. HP: 11/11 MP: 4/6
   568 | D:2      | Found a glowing silver altar of Zin.
  1319 | D:2      | Found Vutweunn's Distillery.
  1424 | D:2      | Reached XP level 3. HP: 14/14 MP: 2/8
  1857 | D:1      | Found a faded altar of an unknown god.
  2772 | D:3      | Learned a level 3 spell: Vampiric Draining
  2990 | D:2      | Reached XP level 4. HP: 18/18 MP: 5/9
  3331 | D:3      | Gained mutation: You are weak. (Str -2) [potion of
                  | mutation]
  3332 | D:3      | Killed from afar by an orc priest
  3407 | D:3      | Found a burning altar of Makhleb.
  3417 | D:3      | You fall into a shaft and drop 2 floors!
  3417 | D:5      | Entered Level 5 of the Dungeon
  3430 | D:5      | Reached skill level 5 in Necromancy
  3504 | D:5      | Reached XP level 5. HP: 17/21 MP: 5/11
  3576 | D:5      | Noticed a water moccasin
  3582 | D:5      | a water moccasin changed into a sky beast
  3582 | D:5      | Noticed a sky beast
  3588 | D:5      | Killed a sky beast
  3663 | D:5      | Noticed an orc warrior
  3664 | D:5      | Noticed a two-headed ogre
  3688 | D:5      | Gained mutation: You are covered in thick fur. (AC +2)
                  | [Felid growth]
  3688 | D:5      | Reached XP level 6. HP: 19/24 MP: 6/13
  3923 | D:5      | Noticed an ice beast
  3930 | D:5      | Killed an ice beast
  4340 | D:4      | Noticed Ijyb
  4353 | D:4      | Killed Ijyb
  4480 | D:4      | Reached skill level 5 in Spellcasting
  4604 | D:4      | Identified the amulet of Duomaw {Acrobat Stlth+}
  4746 | D:4      | Reached XP level 7. HP: 27/27 MP: 5/15
  5336 | D:4      | You fall into a shaft and drop 3 floors!
  5573 | D:7      | Noticed a wyvern
  5591 | D:7      | Killed a wyvern
  5592 | D:7      | Reached XP level 8. HP: 24/31 MP: 1/18
  5927 | D:7      | Noticed a hornet
  5936 | D:7      | a hornet changed into a tengu
  6111 | D:7      | Found a bloodstained altar of Trog.
  6112 | D:7      | Found Ceor's Jewellery Shop.
  6262 | D:7      | Found a blossoming altar of Fedhas.
  6267 | D:7      | Found a snail-covered altar of Cheibriados.
  6267 | D:7      | Found a radiant altar of Vehumet.
  6271 | D:7      | Found an iron altar of Okawaru.
  6272 | D:7      | Found an ornate altar of the Wu Jian Council.
  6273 | D:7      | Found a shimmering altar of Xom.
  6277 | D:7      | Became a worshipper of Vehumet
  6678 | D:6      | Found a sacrificial altar of Ru.
  6919 | D:6      | Found Hosoargh's Magic Scroll Boutique.
  6920 | D:6      | Found Baol Kiyd's Assorted Antiques.
  6922 | D:6      | Found Feedun Ulau's Jewellery Boutique.
  6926 | D:6      | Bought a scroll of identify for 26 gold pieces
  6926 | D:6      | Bought a scroll of fear for 52 gold pieces
  6926 | D:6      | Bought a scroll of poison for 52 gold pieces
  6928 | D:6      | Bought 2 golden potions for 41 gold pieces
  6964 | D:6      | Reached skill level 1 in Fighting
  6964 | D:6      | Reached skill level 1 in Unarmed Combat
  7559 | D:8      | Noticed a hornet
  7563 | D:8      | Paralysed by a hornet for 1 turns
  7566 | D:8      | Killed a hornet
  7567 | D:8      | Reached XP level 9. HP: 28/35 MP: 8/21
  7783 | D:8      | Reached * piety under Vehumet
  7783 | D:8      | Offered knowledge of Shock by Vehumet.
  7850 | D:8      | Reached skill level 5 in Dodging
  8520 | D:9      | Found Duofoseng's Weapon Boutique.
  8619 | D:9      | Noticed a troll
  8627 | D:9      | Killed a troll
  9237 | D:10     | Entered Level 10 of the Dungeon
  9237 | D:10     | Noticed a two-headed ogre
  9245 | D:10     | Killed a two-headed ogre
  9246 | D:10     | Reached XP level 10. HP: 39/42 MP: 2/23
  9249 | D:10     | Learned a level 2 spell: Blink
  9254 | D:10     | Learned a level 4 spell: Animate Dead
  9260 | D:10     | Learned a level 5 spell: Agony
  9263 | D:10     | Learned a level 2 spell: Cigotuvi's Dreadful Rot
  9271 | D:10     | Learned a level 7 spell: Haunt
  9423 | D:10     | Reached ** piety under Vehumet
  9548 | D:11     | Offered knowledge of Static Discharge by Vehumet.
  9774 | D:11     | Noticed Gastronok
  9790 | D:11     | Killed Gastronok
 10008 | D:11     | Reached skill level 10 in Necromancy
 10187 | D:11     | Found Garuil's One-of-a-Kind Rings.
 11147 | D:13     | Noticed a six-headed hydra
 11154 | D:13     | Noticed a centaur warrior
 11158 | D:13     | Noticed an eight-headed hydra
 11158 | D:13     | Noticed a six-headed hydra
 11313 | D:12     | Noticed a cyclops
 11325 | D:12     | Killed a cyclops
 11469 | D:12     | Killed a six-headed hydra
 11470 | D:12     | Reached skill level 5 in Fighting
 11470 | D:12     | Reached skill level 10 in Dodging
 11470 | D:12     | Reached skill level 5 in Unarmed Combat
 11473 | D:12     | Noticed a boulder beetle
 11503 | D:12     | Killed a boulder beetle
 11504 | D:12     | Reached XP level 11. HP: 48/48 MP: 7/24
 11908 | D:13     | Killed a centaur warrior
 11913 | D:13     | Killed a six-headed hydra
 11975 | D:13     | Noticed a tengu warrior
 11981 | D:13     | Slain by an eight-headed hydra
 11987 | D:13     | Slain by an eight-headed hydra
 12006 | D:13     | Slain by an eight-headed hydra

Illustrated notes

Levels and vault maps discovered:
D:1:      evilmike_arrival_hilbert_curve, layout_basic,
          hellmonk_ecumenical_altar_heavens_door, hex_tiny, minivault_5
D:2:      layout_basic, serial_shops, shop, basic_altar
D:3:      layout_basic, demons_altar, kennysheep_generic_room_7
D:4:      layout_loops_ring, hangedman_abyss_or_decor_stagger,
          kennysheep_orc_chapel, uniq_grinder, uniq_ijyb
D:5:      layout_gridville, mainiacjoe_overflow_alcove_2, temple_doors_ab,
          lightli_corner_chamber
D:6:      layout_basic, hangedman_ru_absence, nicolae_wooded_promenade
D:7:      layout_basic, minitemple, serial_shops, shop_fountains
D:8:      layout_gridville, david_lair_shrubbed, serial_bayou,
          serial_bayou_crossing, serial_bayou_pond_b, serial_bayou_pond_d,
          serial_bayou_ford_a, serial_bayou_lake_a, minmay_misc_feat_roman,
          skrybe_limestone_x
D:9:      layout_basic, serial_shops, shop, serial_curves, eino_curves_01,
          eino_curves_04, nicolae_zen_rock_garden
D:10:     layout_loops_cross, minmay_misc_feat_secret_circle, uniq_erolcha
D:11:     layout_layer_cave, nicolae_shop_unique_rings, uniq_gastronok
D:12:     layout_basic, david_orc_5, serial_shops, shop
D:13:     layout_rooms, hellmonk_vaults_keyhole, gauntlet_entry_generic,
          lightli_church_of_beogh

Skill      XL: |  1  2  3  4  5  6  7  8  9 10 11 |
---------------+----------------------------------+-----
Spellcasting   | 3 4 5 6 7 8 9 |  9.0
Necromancy     | 5 6 7 9 10 | 10.3
Dodging        | 4 7 10 | 10.7
Fighting       | 1 3 5 |  5.4
Unarmed Combat | 1 3 5 |  5.4
Stealth        | |  2.6

Action                     |  1- 3 |  4- 6 |  7- 9 | 10-12 || total
---------------------------+-------+-------+-------+-------++-------
  Melee: Unarmed           |     5 |    15 |    55 |    37 ||   112
         Bite              |     1 |     1 |     5 |     7 ||    14
         Punch             |       |       |     2 |     1 ||     3
   Cast: Necrotise         |   105 |    70 |    68 |    14 ||   257
         Vampiric Draining |       |    16 |    85 |    46 ||   147
         Agony             |       |       |       |     3 ||     3
  Evoke: Wand              |       |     1 |    25 |    31 ||    57
         Lightning rod     |       |       |       |     5 ||     5
    Use: Potion            |       |     3 |     4 |     4 ||    11
         Scroll            |       |       |       |     1 ||     1
   Stab: Sleeping          |       |     1 |     1 |       ||     2
 Armour: Skin              |     6 |    18 |    85 |    85 ||   194
  Dodge: Dodged            |    14 |    57 |   186 |   267 ||   524
   Form: Beast             |     1 |       |       |       ||     1

Table legend: (Time is in decaauts)
 A = Elapsed time spent in this place.
 B = Non-inter-level travel time spent in this place.
 C = Inter-level travel time spent in this place.
 D = Time resting spent in this place.
 E = Time spent auto-exploring this place.
 F = Levels seen in this place.
 G = Mean time per level.
                   A        B        C        D        E       F      G
               +--------+--------+--------+--------+--------+-----+--------+
         Total |  10743 |  10331 |    412 |   1102 |   7918 |  13 |  826.4 |
       Dungeon |  10743 |  10331 |    412 |   1102 |   7918 |  13 |  826.4 |
               +--------+--------+--------+--------+--------+-----+--------+

Top non-repeatable levels by time:
    D:11: 1384 daAuts
     D:2: 1183 daAuts
     D:1: 1174 daAuts
     D:7: 1142 daAuts
     D:4: 963 daAuts
     D:5: 828 daAuts
     D:8: 807 daAuts
     D:6: 789 daAuts
     D:9: 767 daAuts
    D:12: 750 daAuts
     D:3: 607 daAuts
    D:10: 227 daAuts
    D:13: 116 daAuts
